Map: Chantier naval orbital

Players

AgCl

  • Race: Protoss Protoss

Spectra - Winner!

  • Race: Terran Terran

VOD

Have the link to the VOD?

Description

Time

  • Played on: May 15, 2015, 3:23 a.m.
  • Length: 17:28
Show
View Real Time Build Order
Export as new Build Order

AgCl Protoss 

Build Orders: Oracle Opening, Oracle Opening 

Get SALT Encoding   

  12  0:12  Pylon  
  12  0:14  Probe  
  13  0:28  Probe  
  13  0:32  Gateway  
  14  0:41  Probe  
  15  0:48  Assimilator  
  15  0:53  Pylon  
  15  0:54  Probe  
  16  1:09  Probe (Chrono Boost)  
  17  1:19  Zealot (Chrono Boost)  
  17  1:20  Probe (Chrono Boost)  
  17  1:24  Cybernetics Core  
  20  1:26  Probe (Chrono Boost)  
  21  1:36  Assimilator  
  21  1:38  Probe  
  22  1:49  Pylon  
  22  1:50  Probe (Chrono Boost)  
  23  2:02  Probe (Chrono Boost)  
  23  2:06  Stargate  
  24  2:11  Probe (Chrono Boost)  
  25  2:19  Probe  
  26  2:33  Nexus  
  26  2:35  Probe (Chrono Boost)  
  25  2:48  Mothership Core (Chrono Boost)  
  27  2:51  Oracle (Chrono Boost)  
  27  2:58  Adept  
  32  3:02  Probe  
  33  3:07  Warp Gate  
  33  3:14  Probe  
  34  3:25  Adept  
  34  3:26  Probe  
  36  3:38  Probe  
  37  3:44  Oracle  
  40  3:50  Probe  
  39  4:01  Probe (Chrono Boost)  
  39  4:02  Probe (Chrono Boost)  
  36  4:14  Probe (Chrono Boost)  
  38  4:17  Probe (Chrono Boost)  
  38  4:21  Probe (Chrono Boost)  
  39  4:30  Probe (Chrono Boost)  
  39  4:31  Gateway, Forge, Probe (Chrono Boost)  
  43  4:38  Probe x2 (Chrono Boost)  
  43  4:49  Probe (Chrono Boost)  
  45  4:54  Probe (Chrono Boost)  
  45  4:57  Probe (Chrono Boost)  
  45  4:59  Oracle (Chrono Boost)  
  46  5:00  Probe  
  50  5:12  Probe  
  51  5:16  Probe  
  49  5:42  Probe (Chrono Boost)  
  47  5:48  Probe (Chrono Boost)  
  47  5:50  Photon Cannon  
  47  5:52  Probe (Chrono Boost)  
  47  5:55  Assimilator  
  45  5:59  Assimilator  
  45  6:00  Probe x2 (Chrono Boost)  
  45  6:01  Pylon  
  45  6:03  Pylon  
  46  6:05  Assimilator  
  46  6:08  Probe (Chrono Boost), Nexus  
  48  6:11  Probe (Chrono Boost)  
  48  6:13  Assimilator  
  48  6:15  Probe (Chrono Boost)  
  44  6:24  Probe (Chrono Boost)  
  44  6:25  Probe (Chrono Boost)  
  46  6:27  Fleet Beacon, Pylon  
  46  6:32  Probe x2 (Chrono Boost)  
  48  6:35  Pylon  
  48  6:42  Probe, Protoss Ground Weapons Level 1 (Chrono Boost)  
  48  6:43  Probe, Protoss Air Weapons Level 1 (Chrono Boost)  
  48  6:45  Pylon  
  48  6:46  Stargate  
  50  6:48  Robotics Facility  
  50  6:52  Pylon  
  50  6:55  Gateway  
  50  6:59  Photon Cannon  
  52  7:08  Probe (Chrono Boost)  
  52  7:09  Probe (Chrono Boost), Adept, Carrier (Chrono Boost)  
  52  7:10  Adept  
  57  7:34  Void Ray (Chrono Boost)  
  62  7:37  Observer (Chrono Boost)  
  62  7:44  Probe (Chrono Boost)  
  65  7:48  Gateway  
  65  7:49  Probe x2 (Chrono Boost)  
  65  7:53  Probe (Chrono Boost)  
  68  7:59  Probe (Chrono Boost)  
  68  8:00  Probe (Chrono Boost)  
  68  8:01  Probe (Chrono Boost)  
  69  8:08  Phoenix (Chrono Boost)  
  69  8:09  Carrier (Chrono Boost)  
  71  8:13  Probe  
  71  8:14  Probe x2  
  74  8:25  Probe (Chrono Boost)  
  74  8:26  Pylon x2  
  85  8:33  Void Ray (Chrono Boost)  
  85  8:36  Probe (Chrono Boost)  
  85  8:40  Stargate  
  87  8:42  Protoss Air Weapons Level 2 (Chrono Boost), Probe (Chrono Boost)  
  87  8:46  Twilight Council  
  87  8:48  Pylon  
  87  8:52  Probe  
  87  8:55  Probe  
  89  9:02  Pylon  
  88  9:23  Stalker x4  
  86  9:24  Carrier x2 (Chrono Boost)  
  75  9:37  Photon Cannon  
  75  9:39  Pylon  
  75  9:45  Observer  
  89  9:56  Probe (Chrono Boost)  
  89  9:59  Protoss Ground Weapons Level 2 (Chrono Boost)  
  89  10:03  Charge  
  91  10:16  Photon Cannon  
  91  10:17  Probe (Chrono Boost), Pylon  
  91  10:18  Probe (Chrono Boost)  
  92  10:21  Probe (Chrono Boost), Carrier (Chrono Boost)  
  92  10:24  Probe (Chrono Boost)  
  92  10:25  Probe (Chrono Boost)  
  92  10:29  Probe  
  85  11:03  Probe (Chrono Boost)  
  86  11:08  Probe (Chrono Boost)  
  86  11:09  Probe (Chrono Boost)  
  87  11:12  Probe (Chrono Boost)  
  87  11:15  Probe (Chrono Boost)  
  88  11:19  Protoss Air Weapons Level 3 (Chrono Boost)  
  88  11:22  Probe x2  
  90  11:36  Dark Shrine  
  90  11:42  Nexus  
  90  11:44  Carrier (Chrono Boost)  
  90  11:46  Carrier (Chrono Boost)  
  90  11:49  Observer  
  103  12:11  Observer  
  103  12:14  Carrier (Chrono Boost)  
  104  12:16  Assimilator  
  104  12:21  Pylon  
  104  12:25  Templar Archives  
  110  12:36  Robotics Bay  
  110  12:40  Pylon  
  110  12:47  Zealot x2  
  110  12:49  Dark Templar  
  116  12:56  Dark Templar  
  118  13:09  Carrier x2 (Chrono Boost), Assimilator  
  118  13:28  Protoss Ground Weapons Level 3  
  126  13:50  Gateway  
  126  13:51  Gateway  
  126  13:56  Gateway  
  126  14:00  Gateway  
  104  14:11  Graviton Catapult (Chrono Boost), Protoss Air Armor Level 1 (Chrono Boost)  
  104  14:17  Photon Cannon  
  104  14:19  Photon Cannon  
  104  14:21  Gateway, Probe  
  105  14:29  Observer Gravitic Boosters (Chrono Boost)  
  105  15:03  Nexus  
  105  15:11  Dark Templar  
  105  15:13  Adept  
  109  15:15  Pylon  
  109  15:38  Dark Templar x2  
  113  15:44  Dark Templar  
  111  16:07  High Templar  
  111  16:08  High Templar  
  111  16:09  High Templar x3  
  121  16:12  Pylon x2  
  119  16:23  Probe (Chrono Boost)  
  119  16:24  Probe x2 (Chrono Boost)  
  120  16:30  Adept x2  
  124  16:35  Adept  
  120  16:54  High Templar  
Show
View Real Time Build Order
Export as new Build Order

Spectra Terran - Winner!

Build Orders: Reaper Expand, Mech 

Get SALT Encoding   

  12  0:02  SCV  
  13  0:14  SCV  
  14  0:17  Supply Depot  
  14  0:26  SCV  
  15  0:39  SCV  
  15  0:42  Barracks  
  16  0:47  Refinery  
  16  0:51  SCV  
  17  1:03  Supply Depot, SCV  
  18  1:15  SCV  
  19  1:29  Orbital Command  
  19  1:30  Reaper  
  20  1:49  Command Center  
  20  1:55  SCV  
  20  2:00  Refinery  
  21  2:03  Reaper  
  21  2:07  SCV  
  23  2:42  Marine  
  24  2:44  SCV  
  24  2:47  Missile Turret  
  25  2:53  Factory  
  25  2:56  SCV  
  26  2:59  Marine  
  28  3:07  Missile Turret  
  28  3:08  Orbital Command  
  28  3:09  SCV  
  28  3:17  Marine  
  28  3:19  Supply Depot  
  29  3:21  SCV  
  30  3:33  SCV  
  31  3:45  Marine  
  28  4:03  SCV  
  28  4:06  Marine  
  28  4:09  SCV  
  29  4:16  SCV, Widow Mine  
  32  4:21  SCV  
  32  4:22  Factory  
  32  4:23  Marine  
  34  4:24  Factory  
  34  4:26  Missile Turret  
  34  4:32  Command Center  
  34  4:34  SCV x2  
  36  4:41  Marine  
  36  4:44  Widow Mine  
  39  4:46  SCV  
  38  4:54  SCV  
  38  4:59  Marine  
  36  5:09  Factory Tech Lab  
  36  5:13  Barracks, Widow Mine  
  36  5:14  SCV x2  
  40  5:17  Marine  
  41  5:32  Siege Tank  
  43  5:41  Widow Mine  
  44  5:55  SCV, Widow Mine  
  46  6:04  SCV  
  46  6:10  Widow Mine  
  49  6:19  SCV  
  49  6:20  SCV  
  51  6:28  Refinery  
  51  6:30  Refinery  
  51  6:31  SCV  
  51  6:32  SCV  
  53  6:41  Factory Tech Lab  
  53  6:44  SCV, Armory  
  53  6:45  Armory  
  54  6:49  Barracks Tech Lab  
  54  6:50  Supply Depot, Barracks Tech Lab  
  54  6:51  Supply Depot  
  54  6:56  Missile Turret  
  54  6:57  Factory Reactor  
  54  7:05  SCV x2  
  54  7:07  Siege Tank x2  
  62  7:09  Orbital Command  
  62  7:18  SCV  
  62  7:26  Orbital Command  
  62  7:33  SCV  
  62  7:36  SCV  
  64  7:37  Hellion  
  64  7:38  Hellion  
  64  7:39  Terran Vehicle And Ship Armor Level 1, Terran Vehicle and Ship Weapons Level 1  
  68  7:49  SCV  
  69  7:51  Refinery  
  69  7:54  SCV  
  69  7:56  Refinery  
  70  7:58  Ghost Academy  
  70  7:59  Siege Tank x2  
  70  8:00  Hellion x2  
  70  8:02  SCV  
  70  8:03  Missile Turret  
  81  8:06  SCV  
  82  8:14  SCV  
  82  8:18  SCV x2  
  85  8:21  Engineering Bay  
  85  8:25  Supply Depot  
  85  8:28  Supply Depot  
  85  8:34  Hellion x4  
  85  8:46  Supply Depot x2, Ghost x2  
  85  8:47  SCV x2, Hellion  
  93  8:49  Command Center, SCV  
  93  8:50  Hellion  
  96  8:59  SCV x2  
  96  9:01  SCV  
  98  9:15  Thor x2  
  101  9:39  Unknown  
  101  9:44  Ghost x2  
  105  9:50  SCV  
  105  9:51  Widow Mine  
  105  9:52  Terran Vehicle and Ship Weapons Level 2, Widow Mine  
  110  9:58  Thor  
  110  9:59  Hi-Sec Auto Tracking  
  116  10:00  Thor  
  116  10:02  Supply Depot  
  116  10:04  Orbital Command  
  116  10:06  Supply Depot  
  122  10:08  Missile Turret  
  122  10:23  Starport, Drilling Claws  
  122  10:25  Starport  
  122  10:29  Supply Depot  
  114  10:44  Missile Turret  
  114  10:45  Missile Turret  
  114  10:46  Missile Turret  
  114  10:48  Missile Turret  
  104  11:01  Thor x2  
  104  11:02  Hellion x2  
  120  11:09  Missile Turret  
  120  11:13  SCV x2  
  122  11:26  Hellion x2  
  122  11:27  Hellion, Starport Tech Lab, Starport Reactor  
  122  11:29  Terran Vehicle And Ship Armor Level 2  
  126  11:44  Thor x2  
  138  11:47  Hellion x2  
  142  12:05  Infernal Pre-Igniter  
  142  12:07  Viking x2  
  142  12:08  Raven  
  146  12:09  Hellion x2  
  152  12:37  SCV  
  153  12:49  Command Center  
  153  12:52  SCV  
  153  12:54  Viking x2, Raven, Hellbat x3  
  153  12:57  Hellion x10  
  153  12:58  Command Center x2  
  166  12:59  Fusion Core  
  166  13:06  Orbital Command  
  166  13:30  Hellbat x3  
  172  13:38  Missile Turret  
  172  13:41  Missile Turret  
  172  13:54  Weapon Refit  
  172  13:55  Terran Vehicle And Ship Armor Level 3, Terran Vehicle and Ship Weapons Level 3  
  172  14:00  Thor  
  178  14:08  Widow Mine x2  
  166  14:10  Viking x2, Raven  
  166  14:11  Missile Turret  
  170  14:28  Refinery  
  170  14:31  Refinery  
  170  14:32  Factory  
  170  14:38  Planetary Fortress  
  170  14:44  Viking  
  176  14:46  Widow Mine x2  
  176  14:47  Hellion  
  178  15:03  Orbital Command  
  178  15:04  Planetary Fortress  
  178  15:06  SCV  
  179  15:13  SCV  
  180  15:14  Thor  
  180  15:15  Hellion x2, Hellbat  
  180  15:20  Factory Tech Lab  
  177  15:56  Missile Turret  
  175  16:16  Thor x2  
  175  16:17  Viking x2, Raven  
  191  16:24  Ghost x2  
  200  17:05  Command Center  
Tags
 
Add a new tag
Caveats
  • Supply blocks, unpowered buildings, or Contaminate may cause inaccurate times.
  • Supply counts are checked every 10 seconds.